Map: Hard Lead LE

Players

Subwayeatn - Winner!

  • Race: Zerg Zerg
  • League: Platinum
  • Spawn Location: 11:00

locopangolin

  • Race: Protoss Protoss
  • League: Platinum
  • Spawn Location: 5:00

VOD

Have the link to the VOD?

Description

Time

  • Played on: Nov. 3, 2023, 5:40 p.m.
  • Length: 29:57
Show
View Real Time Build Order
Export as new Build Order

Subwayeatn Zerg - Winner!

Build Orders: Hatch First, Brood Lord Corruptor 

Get SALT Encoding   

  12  0:00  Drone  
  13  0:13  Overlord  
  13  0:17  Drone  
  14  0:31  Drone x2  
  16  1:06  Drone x2  
  16  1:08  Hatchery  
  16  1:10  Extractor  
  16  1:13  Drone  
  16  1:16  Spawning Pool  
  16  1:36  Drone x2  
  18  1:43  Overlord  
  18  2:03  Hatchery  
  17  2:12  Metabolic Boost  
  17  2:21  Queen  
  19  2:25  Drone  
  21  2:30  Drone  
  21  2:35  Drone  
  22  2:38  Drone  
  22  2:40  Drone  
  24  2:51  Queen  
  26  3:07  Queen  
  26  3:10  Drone  
  26  3:12  Drone  
  30  3:15  Drone  
  31  3:29  Spine Crawler  
  31  3:32  Queen  
  31  3:39  Spine Crawler  
  30  3:44  Queen  
  29  3:59  Drone x2  
  29  4:00  Drone x3  
  31  4:14  Drone x4  
  31  4:15  Drone  
  36  4:26  Zergling x8  
  40  4:31  Drone  
  40  4:33  Overlord  
  40  4:38  Overlord  
  40  5:02  Drone x11  
  40  5:05  Pneumatized Carapace  
  50  5:19  Spore Crawler  
  45  5:31  Drone x8  
  45  5:32  Drone  
  54  5:37  Spore Crawler  
  53  5:51  Drone x4, Spore Crawler  
  53  5:52  Drone  
  53  5:56  Extractor  
  56  6:01  Overlord  
  56  6:03  Overlord  
  55  6:19  Extractor  
  55  6:20  Extractor, Lair  
  55  6:21  Drone x3  
  56  6:28  Spore Crawler  
  55  6:35  Drone x12, Spore Crawler  
  55  6:36  Drone x2  
  68  6:40  Spore Crawler  
  68  6:42  Spore Crawler  
  68  6:43  Queen x2  
  68  6:44  Overlord  
  70  6:58  Drone x2, Extractor  
  70  6:59  Drone  
  70  7:00  Drone  
  73  7:02  Overlord  
  73  7:15  Drone x3, Extractor  
  75  7:16  Drone x3  
  77  7:37  Queen  
  77  7:38  Queen  
  79  8:02  Spire, Hydralisk Den  
  73  8:21  Queen x2  
  77  8:27  Extractor  
  77  8:31  Extractor  
  77  8:32  Hydralisk x4  
  83  8:37  Overlord x4  
  83  8:45  Overlord  
  83  8:46  Overlord  
  81  8:57  Queen x2  
  83  9:09  Drone x4  
  87  9:12  Drone x7  
  94  9:18  Hatchery  
  94  9:20  Drone  
  94  9:21  Drone x6  
  99  9:31  Hatchery  
  97  9:33  Queen  
  99  9:51  Overlord  
  99  9:52  Overlord x4  
  99  9:53  Overseer  
  99  10:04  Infestation Pit  
  98  10:07  Corruptor  
  98  10:08  Corruptor x6  
  112  10:34  Spire  
  111  10:38  Grooved Spines  
  111  10:49  Drone x11  
  122  11:06  Spawning Pool  
  122  11:07  Drone x10  
  131  11:25  Drone x3  
  133  11:26  Drone x6  
  133  11:28  Hatchery  
  139  11:36  Drone x2  
  139  11:37  Drone x3  
  144  11:41  Extractor  
  144  11:46  Hive, Spire  
  142  11:47  Zerg Flyer Weapons Level 1  
  142  11:53  Overlord  
  142  11:54  Overlord x3  
  142  11:55  Overlord  
  142  11:59  Corruptor  
  142  12:00  Corruptor x2  
  148  12:14  Extractor  
  147  12:23  Corruptor  
  147  12:24  Corruptor x10  
  169  12:39  Extractor  
  169  12:40  Hatchery  
  169  12:42  Queen  
  169  12:43  Extractor  
  168  13:07  Greater Spire  
  168  13:08  Muscular Augments  
  168  13:14  Zergling x10  
  168  13:15  Zergling x12  
  168  13:18  Zergling x8  
  179  13:25  Drone  
  179  13:27  Spine Crawler  
  179  13:32  Spore Crawler  
  176  13:37  Spore Crawler  
  176  13:38  Drone  
  176  13:39  Drone x5, Spine Crawler  
  180  13:45  Spine Crawler  
  180  13:48  Viper x4, Spore Crawler  
  179  13:51  Viper  
  193  13:58  Zergling x2  
  193  13:59  Zergling x12  
  179  14:21  Brood Lord x12  
  179  14:22  Brood Lord x3  
  199  14:37  Overseer  
  200  14:45  Drone  
  200  14:58  Zerg Flyer Weapons Level 2  
  200  14:59  Zerg Flyer Armor Level 1, Hatchery  
  199  15:06  Evolution Chamber x2  
  197  15:09  Drone x3  
  200  15:35  Spine Crawler x2  
  198  15:37  Spine Crawler  
  198  15:40  Spine Crawler  
  196  15:47  Corruptor x2  
  199  15:57  Spine Crawler x3  
  199  15:58  Spine Crawler  
  199  15:59  Spine Crawler  
  187  16:15  Corruptor x9  
  167  16:39  Corruptor  
  149  16:40  Corruptor x16  
  167  16:59  Viper  
  167  17:00  Viper x3  
  179  17:03  Corruptor  
  179  17:04  Corruptor x6  
  193  17:09  Hatchery  
  190  17:49  Hatchery  
  189  18:00  Corruptor x2  
  189  18:01  Corruptor x3  
  163  18:43  Corruptor x4  
  163  18:57  Brood Lord x4  
  163  18:58  Brood Lord  
  163  19:02  Zergling x18  
  182  19:03  Zergling x10  
  182  19:05  Queen  
  182  19:09  Zerg Melee Weapons Level 1  
  189  19:13  Zerg Missile Weapons Level 1  
  185  19:48  Spine Crawler  
  185  19:50  Spine Crawler x2  
  185  19:51  Spine Crawler  
  177  20:13  Spine Crawler x2  
  175  20:38  Corruptor  
  175  20:39  Corruptor x11  
  159  21:14  Corruptor x4  
  147  21:34  Drone x3  
  150  22:07  Queen  
  152  22:12  Queen  
  154  22:18  Hatchery  
  154  22:22  Extractor  
  152  22:23  Corruptor x5  
  162  22:55  Hydralisk x9  
  162  22:56  Hydralisk x2  
  184  23:01  Zerg Missile Weapons Level 2  
  184  23:03  Zerg Melee Weapons Level 2  
  174  23:54  Viper x2  
  177  24:02  Zergling x2  
  178  24:03  Zergling x42  
  199  24:21  Hatchery  
  198  24:26  Zerg Flyer Weapons Level 3  
  143  25:18  Zergling x18  
  143  25:19  Zergling x20  
  159  25:23  Corruptor  
  159  25:24  Corruptor x4  
  166  25:36  Drone x7  
  148  25:56  Corruptor x10  
  146  26:11  Drone x5  
  143  26:14  Zerg Flyer Armor Level 2  
  143  26:17  Zerg Melee Weapons Level 3  
  138  26:19  Zerg Ground Armor Level 1  
  138  26:38  Viper  
  138  26:39  Viper x3  
  147  26:42  Corruptor  
  147  26:43  Corruptor x4  
  157  27:11  Drone  
  157  27:13  Hatchery  
  157  27:15  Corruptor x7  
  171  27:42  Hatchery  
  170  27:47  Extractor  
  170  27:50  Extractor  
  168  27:53  Drone x4  
  168  27:56  Extractor  
  171  28:01  Zergling x2  
  171  28:02  Zergling x42  
  171  28:03  Zergling x2  
  194  28:07  Spine Crawler  
  194  28:08  Spine Crawler  
  192  28:15  Spore Crawler, Spine Crawler  
  190  28:21  Queen  
  191  28:28  Brood Lord x3  
  191  28:30  Spine Crawler  
  191  28:31  Spore Crawler x2, Brood Lord  
  191  28:32  Spore Crawler, Spine Crawler  
  191  28:34  Zergling x6  
  176  28:51  Corruptor  
  176  28:52  Corruptor x4  
  185  28:55  Queen  
  185  28:59  Queen  
Show
View Real Time Build Order
Export as new Build Order

locopangolin Protoss 

Build Orders: Oracle Opening 

Get SALT Encoding   

  12  0:02  Probe  
  13  0:14  Probe  
  14  0:27  Pylon  
  14  0:28  Probe  
  15  0:45  Probe  
  16  0:52  Gateway  
  16  0:53  Pylon  
  15  0:57  Probe  
  16  1:08  Assimilator  
  16  1:09  Probe (Chrono Boost)  
  17  1:22  Probe (Chrono Boost)  
  18  1:28  Probe (Chrono Boost)  
  18  1:29  Gateway  
  19  1:36  Probe  
  20  1:42  Cybernetics Core  
  20  1:43  Zealot (Chrono Boost)  
  22  1:53  Pylon  
  22  1:55  Assimilator  
  22  2:13  Probe  
  23  2:16  Adept (Chrono Boost)  
  27  2:25  Adept (Chrono Boost), Probe  
  28  2:40  Probe  
  29  2:55  Stargate  
  29  3:03  Nexus  
  29  3:08  Probe  
  30  3:59  Oracle (Chrono Boost)  
  29  4:07  Pylon, Warp Gate (Chrono Boost)  
  29  4:12  Pylon  
  29  4:18  Fleet Beacon  
  29  4:20  Probe  
  29  4:22  Pylon  
  30  4:32  Shield Battery, Probe  
  31  4:40  Probe  
  31  4:44  Probe  
  33  4:53  Probe  
  33  4:56  Probe  
  35  5:00  Nexus  
  35  5:06  Pylon  
  35  5:16  Tempest (Chrono Boost)  
  40  5:33  Shield Battery  
  40  5:44  Probe x2  
  40  5:46  Protoss Air Weapons Level 1 (Chrono Boost)  
  40  5:48  Assimilator  
  42  5:50  Tempest (Chrono Boost)  
  42  5:51  Adept  
  49  5:58  Probe  
  49  5:59  Probe  
  51  6:10  Probe  
  51  6:11  Probe  
  50  6:23  Probe x2  
  52  6:32  Assimilator  
  52  6:35  Pylon, Probe x2  
  52  6:37  Tempest (Chrono Boost)  
  52  6:38  Probe  
  60  6:48  Stargate  
  60  6:51  Pylon  
  60  6:52  Probe x3  
  63  7:12  Probe  
  63  7:13  Robotics Facility, Probe x2  
  70  7:28  Void Ray  
  70  7:37  Unknown, Flux Vanes  
  70  7:57  Void Ray  
  75  7:58  Probe x3  
  77  8:11  Void Ray  
  81  8:40  Void Ray  
  85  8:54  Void Ray  
  84  9:07  Zealot x2  
  88  9:11  Twilight Council  
  88  9:20  Pylon  
  88  9:22  Pylon  
  88  9:23  Void Ray  
  92  9:26  Pylon  
  92  9:28  Robotics Bay  
  92  9:29  Pylon  
  92  9:30  Zealot x2  
  96  9:31  Carrier  
  96  9:33  Pylon  
  96  9:36  Probe x2  
  96  9:37  Pylon, Probe  
  105  9:45  Assimilator  
  105  9:47  Assimilator  
  105  9:50  Pylon  
  105  9:52  Pylon  
  105  9:57  Gateway x2  
  105  10:01  Gateway, Probe  
  105  10:02  Gateway, Probe  
  107  10:07  Gateway  
  107  10:09  Gateway  
  107  10:13  Forge  
  107  10:14  Forge  
  107  10:18  Carrier  
  113  10:30  Charge (Chrono Boost)  
  113  10:31  Zealot x2  
  113  10:35  Extended Thermal Lance  
  117  10:38  Colossus  
  113  10:56  Probe x3  
  116  10:59  Zealot x4  
  116  11:00  Zealot x2  
  128  11:10  Shield Battery  
  128  11:14  Photon Cannon  
  128  11:18  Protoss Air Weapons Level 2 (Chrono Boost)  
  128  11:24  Shield Battery  
  128  11:26  Photon Cannon  
  128  11:29  Zealot x5  
  128  11:30  Zealot x3  
  144  11:36  Probe  
  144  11:37  Probe x2  
  155  11:40  Void Ray  
  155  11:41  Void Ray, Photon Cannon  
  155  11:46  Colossus  
  161  11:56  Templar Archives  
  161  12:00  Zealot  
  161  12:01  Zealot x3  
  165  12:02  Zealot x2  
  173  12:12  Protoss Ground Weapons Level 1 (Chrono Boost)  
  173  12:15  Protoss Ground Armor Level 1 (Chrono Boost), Pylon  
  173  12:26  Pylon  
  173  12:31  Nexus  
  173  12:35  Pylon  
  173  12:42  Blink  
  173  12:44  Gravitic Boosters  
  173  12:58  Psionic Storm  
  173  13:03  Carrier x2  
  185  13:15  Stargate  
  185  13:17  Stargate  
  185  13:23  Gateway  
  185  13:25  Gateway  
  185  13:29  Gateway  
  185  13:32  Gateway, Protoss Air Armor Level 1 (Chrono Boost)  
  181  13:54  High Templar  
  181  13:55  High Templar x2  
  187  13:59  High Templar  
  195  14:13  Void Ray x2  
  157  14:32  Assimilator  
  157  14:34  Assimilator  
  157  14:36  Pylon  
  157  14:40  Colossus  
  157  14:41  Photon Cannon  
  157  14:43  Photon Cannon  
  163  14:47  Protoss Shields Level 1, Photon Cannon  
  163  14:49  Protoss Ground Armor Level 2  
  163  14:50  Photon Cannon  
  163  14:52  Photon Cannon  
  171  14:54  Photon Cannon  
  171  14:56  Void Ray x2  
  171  15:01  Archon  
  171  15:02  Archon  
  171  15:21  High Templar  
  171  15:22  High Templar x2  
  171  15:25  High Templar  
  169  15:33  Archon x2  
  157  16:12  Protoss Air Weapons Level 3 (Chrono Boost)  
  153  16:43  Tempest x3  
  124  17:12  Zealot x4  
  124  17:13  Zealot x5  
  124  17:14  Zealot  
  148  17:25  Void Ray  
  152  17:32  Void Ray  
  136  17:49  Nexus  
  134  17:51  Photon Cannon  
  134  17:54  Photon Cannon  
  134  17:56  Photon Cannon  
  142  18:00  Photon Cannon  
  142  18:01  Void Ray  
  142  18:02  Void Ray  
  142  18:06  Photon Cannon  
  142  18:08  Photon Cannon, Shield Battery  
  142  18:10  Photon Cannon  
  142  18:11  Shield Battery  
  142  18:16  Photon Cannon  
  142  18:17  Photon Cannon  
  90  18:46  Zealot x3  
  90  18:47  Zealot x3  
  90  18:48  Zealot x3  
  88  18:49  Zealot  
  92  18:57  Void Ray  
  89  19:21  Protoss Air Armor Level 2 (Chrono Boost)  
  97  19:28  Void Ray x2 (Chrono Boost)  
  97  19:29  Void Ray (Chrono Boost)  
  95  19:34  Protoss Shields Level 2  
  91  19:50  Void Ray (Chrono Boost)  
  85  20:05  Void Ray x2 (Chrono Boost)  
  90  20:19  Void Ray  
  93  20:29  Void Ray  
  93  20:46  Nexus  
  93  20:51  Pylon  
  85  21:15  Void Ray  
  89  21:28  Void Ray  
  89  21:32  Probe x2  
  91  21:55  Void Ray  
  94  22:17  Assimilator  
  94  22:19  Void Ray  
  94  22:22  Assimilator  
  98  22:54  Void Ray  
  98  23:04  Nexus  
  102  23:07  Pylon  
  102  23:09  Void Ray  
  102  23:15  Zealot x5  
  102  23:16  Zealot  
  106  23:47  Protoss Air Armor Level 3  
  102  23:56  Shield Battery  
  110  24:07  Void Ray x2  
  108  24:16  Probe x2  
  103  24:17  Probe  
  103  24:24  Pylon  
  111  24:31  Assimilator  
  111  24:35  Void Ray  
  111  24:36  Void Ray  
  111  24:44  Zealot x5  
  120  24:45  Zealot  
  120  24:47  Probe  
  61  25:10  Zealot x5  
  61  25:11  Probe  
  63  25:43  Void Ray  
  55  26:02  Probe x3  
  58  26:14  Probe x2  
  58  26:15  Probe  
  61  26:26  Probe x2  
  61  26:27  Probe  
  64  26:38  Probe  
  64  26:39  Probe  
  70  26:45  Void Ray  
  70  26:46  Probe  
  71  26:50  Probe  
  72  27:02  Pylon, Probe x2  
  72  27:03  Probe  
  79  27:21  Void Ray  
  79  27:22  Pylon  
  79  27:28  Probe x2  
  85  27:33  Void Ray  
  85  27:40  Photon Cannon  
  89  27:49  Void Ray  
  89  27:52  Probe  
  89  27:53  Probe x2  
  89  27:58  Pylon  
  92  28:05  Photon Cannon  
  96  28:14  Void Ray  
  96  28:21  Shield Battery  
  96  28:24  Assimilator  
  100  28:30  Void Ray  
  108  28:56  Probe x3  
  108  29:00  Void Ray x2  
  109  29:30  Pylon  
  101  29:33  Pylon  
Tags
 
Add a new tag
Caveats
  • Supply blocks, unpowered buildings, or Contaminate may cause inaccurate times.
  • Supply counts are checked every 10 seconds.